[Event "Team 45 45 League T66"]
[Site "Internet Chess Club"]
[Date "2015.09.03"]
[Round "1"]
[White "viktory"]
[Black "Visin"]
[Result "1/2-1/2"]
[WhiteElo "1661"]
[BlackElo "1274"]
[Opening "Queen's gambit accepted"]
[ECO "D20"]
[Time "14:00:25"]
[TimeControl "2700+45"]

1. d4 d5 2. c4 dxc4 3. e3 Nf6 4. Nc3 e6 5. Bxc4 Nbd7 6. Nf3 Bd6 7. O-O O-O 8.
Qc2 Nb6 9. Bd3 h6 10. e4 Be7 11. a4 a5 12. b3 Nh7 13. Ba3 Bxa3 14. Rxa3 Ng5 15.
Nxg5 Qxg5 16. Raa1 Bd7 17. Ne2 Bc6 18. f4 Qe7 19. Rac1 Rfd8 20. Rf3 Rac8 21. Rg3
Nd7 22. Qc3 Qb4 23. Qxb4 axb4 24. Rc4 Nf6 25. Re3 Ng4 26. Rh3 Nf6 27. Ng3 Rd7
28. Rxb4 Rcd8 29. Ne2 Nxe4 30. Rc4 Nd2 31. Rc3 Ne4 32. Rc4 Bd5 33. Rb4 c6 34.
Bxe4 Bxe4 35. Nc3 Bf5 {Game drawn by mutual agreement} 1/2-1/2

[Event "Team 45 45 League T66"]
[Site "Internet Chess Club"]
[Date "2015.09.07"]
[Round "1"]
[White "az2112"]
[Black "otherook"]
[Result "1/2-1/2"]
[WhiteElo "1609"]
[BlackElo "1720"]
[Opening "Scandinavian (center counter) defense"]
[ECO "B01"]
[Time "11:00:24"]
[TimeControl "2700+45"]

1. e4 d5 2. exd5 Qxd5 3. Nc3 Qd8 4. d4 Nf6 5. Bc4 a6 6. h3 b5 7. Bb3 c5 8. dxc5
Qxd1+ 9. Nxd1 e6 10. Be3 Bb7 11. f3 Nbd7 12. c6 Bxc6 13. c3 Bc5 14. Ne2 O-O 15.
Nd4 Bb7 16. Nf2 Nd5 17. Bxd5 Bxd5 18. Nd3 Rfc8 19. Nxc5 Nxc5 20. b3 g6 21. O-O
e5 22. Ne2 Ne6 23. Rac1 Ng7 24. Rfd1 Be6 25. Bg5 Ne8 26. Ng3 f6 27. Be3 Rc6 28.
f4 exf4 29. Bxf4 Rac8 30. Ne2 Bf7 31. Be3 Nd6 32. Bd4 Ne4 33. Rf1 f5 34. g4 fxg4
35. hxg4 Be6 36. Rf4 Ng5 37. Kh2 Bd5 38. Rcf1 Ne6 39. Rf6 Nxd4 40. Nxd4 Rxf6 41.
Rxf6 Bb7 42. Rb6 Rc7 43. Ne6 Re7 44. Kg3 Bd5 45. Nf4 Bb7 46. Ne6 Bd5 47. Nf4 Bb7
48. Ne6 Bd5 {Game drawn by repetition} 1/2-1/2

[Event "Team 45 45 League T66"]
[Site "Internet Chess Club"]
[Date "2015.09.05"]
[Round "1"]
[White "LordKinbote"]
[Black "Innes"]
[Result "1-0"]
[WhiteElo "1664"]
[BlackElo "1571"]
[Opening "Scandinavian (center counter) defense"]
[ECO "B01"]
[Time "16:32:41"]
[TimeControl "2700+45"]

1. e4 d5 2. exd5 e6 3. dxe6 Bxe6 4. d4 Bd6 5. Nf3 Nf6 6. Nc3 O-O 7. Be2 h6 8.
O-O c6 9. Ne5 Qc7 10. f4 Rd8 11. Qe1 c5 12. Nb5 Qe7 13. Be3 cxd4 14. Bxd4 Bb4
15. c3 Ba5 16. Qf2 a6 17. Bc5 Qe8 18. Nd6 Rxd6 19. Bxd6 Ne4 20. Qd4 Bf5 21. b4
Bd8 22. Bxb8 Rxb8 23. Bc4 b5 24. Bxf7+ Qxf7 25. Nxf7 Bb6 26. Ne5 Bxd4+ 27. cxd4
Rd8 28. Nc6 Rd6 29. Ne7+ {Black resigns} 1-0

[Event "Team 45 45 League T66"]
[Site "Internet Chess Club"]
[Date "2015.09.06"]
[Round "1"]
[White "drsigmund1"]
[Black "parrot9"]
[Result "0-1"]
[WhiteElo "1523"]
[BlackElo "1673"]
[Opening "Queen's bishop game"]
[ECO "D00"]
[Time "08:30:12"]
[TimeControl "2700+45"]

1. d4 d5 2. Bf4 Nf6 3. Nf3 e6 4. e3 Be7 5. h3 Nbd7 6. Bd3 c5 7. c3 a6 8. Nbd2 b5
9. O-O Bb7 10. Rb1 O-O 11. b4 c4 12. Bc2 Ne4 13. Nxe4 dxe4 14. Nd2 Nf6 15. f3
exf3 16. gxf3 Nd5 17. Be4 Nxc3 18. Qc2 Bxe4 19. Nxe4 Nxb1 20. Rxb1 f5 21. Nc3
Bg5 22. Qh2 h6 23. Kf2 Bxf4 24. Qxf4 Qf6 25. a4 Rfe8 26. axb5 axb5 27. Nxb5 Ra2+
28. Kg1 Qg6+ {White resigns} 0-1

[Event "Team 45 45 League T66"]
[Site "Internet Chess Club"]
[Date "2015.09.06"]
[Round "1"]
[White "kingphisch"]
[Black "sdcohle"]
[Result "1-0"]
[WhiteElo "1464"]
[BlackElo "1462"]
[Opening "French: advance variation"]
[ECO "C02"]
[Time "14:31:20"]
[TimeControl "2700+45"]

1. e4 e6 2. d4 d5 3. e5 c5 4. c3 Qb6 5. a3 Nc6 6. Nf3 Bd7 7. Be2 Nge7 8. O-O Nf5
9. dxc5 Bxc5 10. b4 Be7 11. Nbd2 O-O 12. Bb2 Nh4 13. Bd3 Nxf3+ 14. Nxf3 Nb8 15.
Qe2 a6 16. Nd4 Nc6 17. Rfe1 Nxd4 18. cxd4 Rac8 19. Rac1 Bb5 20. Bxb5 axb5 21. f4
Rc6 22. Rxc6 bxc6 23. Rc1 g6 24. g3 Qc7 25. Qxb5 Rc8 26. Qd3 Qd7 27. Qb3 Rb8 28.
Qa4 Rc8 29. Rc3 Qb7 30. Qc2 Qb6 31. Rd3 Qb5 32. Qd2 Bd8 33. g4 Bb6 34. h4 Qc4
35. Kg2 Qa6 36. h5 Bd8 37. hxg6 fxg6 38. f5 exf5 39. gxf5 g5 40. f6 h6 41. Rh3
Rc7 42. Rxh6 Rh7 43. Qxg5+ Kf7 44. Rxh7+ Ke6 45. Qg8+ Kf5 46. Rh5+ Ke4 47. Qg4+
Kd3 48. Qf3+ Kc2 49. Qc3+ Kb1 50. Rh1+ Ka2 51. Ra1# {Black checkmated} 1-0

[Event "Team 45 45 League T66"]
[Site "Internet Chess Club"]
[Date "2015.09.05"]
[Round "1"]
[White "houseofcook"]
[Black "Invicta-Knight"]
[Result "0-1"]
[WhiteElo "1418"]
[BlackElo "1601"]
[Opening "Scandinavian: Pytel-Wade variation"]
[ECO "B01"]
[Time "13:19:59"]
[TimeControl "2700+45"]

1. e4 d5 2. exd5 Qxd5 3. Nc3 Qd6 4. g3 e5 5. Bg2 a6 6. d3 Nf6 7. Nf3 Bg4 8. O-O
Nc6 9. Qd2 O-O-O 10. a3 h6 11. Rd1 Nd4 12. Nxd4 Bxd1 13. Nf5 Qd7 14. Qxd1 Qxf5
15. Qf1 g5 16. b4 Bd6 17. Be3 g4 18. b5 a5 19. Ne4 b6 20. c4 Nxe4 21. Bxe4 Qe6
22. Qg2 f5 23. Bb7+ Kb8 24. Qc6 Qd7 25. Qd5 Bf8 26. Qxe5 Bg7 {White resigns} 0-1

[Event "Team 45 45 League T66"]
[Site "Internet Chess Club"]
[Date "2015.09.05"]
[Round "1"]
[White "BrerRabbit"]
[Black "mongmong"]
[Result "0-1"]
[WhiteElo "1454"]
[BlackElo "1596"]
[Opening "Réti: King's Indian attack, French variation"]
[ECO "A04"]
[Time "19:23:12"]
[TimeControl "2700+45"]

1. Nf3 e6 2. g3 Nf6 3. Bg2 d5 4. O-O Be7 5. d3 O-O 6. Nbd2 c5 7. e4 Nc6 8. Re1
b5 9. e5 Nd7 10. h4 a5 11. Nf1 Ba6 12. Bf4 c4 13. d4 Qb6 14. c3 b4 15. N1h2 bxc3
16. bxc3 Rab8 17. Rb1 Qxb1 18. Qxb1 Rxb1 19. Rxb1 Rb8 20. Rxb8+ Ncxb8 21. Kf1
Bb5 22. Ke2 Ba4 23. Kd2 Ba3 24. Ne1 Nb6 25. Nc2 Be7 26. Kd1 Bd7 27. Bc1 Na4 28.
Kd2 h6 29. Ba3 Kf8 30. Bxe7+ Kxe7 31. Nf1 Nb2 32. Ne1 Bc6 33. Kc2 Na4 34. Kd2
Nd7 35. Ne3 Ndb6 36. Kc2 Be8 37. Nd1 f6 38. Nf3 Nd7 39. exf6+ gxf6 40. Bh3 Ndb6
41. Nb2 Bg6+ 42. Kc1 Nxc3 {White resigns} 0-1

[Event "Team 45 45 League T66"]
[Site "Internet Chess Club"]
[Date "2015.09.05"]
[Round "1"]
[White "Gilguli"]
[Black "bardu"]
[Result "0-1"]
[WhiteElo "1421"]
[BlackElo "1280"]
[Opening "Vienna gambit"]
[ECO "C29"]
[Time "15:04:37"]
[TimeControl "2700+45"]

1. e4 e5 2. Nc3 Nf6 3. f4 d5 4. fxe5 Nxe4 5. Nxe4 dxe4 6. Ne2 Nc6 7. Ng3 Nxe5 8.
Nxe4 Qe7 9. Qe2 Bg4 10. Qb5+ c6 11. Qa4 f5 12. h3 Bh5 13. g4 fxe4 14. gxh5 Qh4+
15. Kd1 Bd6 16. d4 Qxh5+ 17. Be2 Nf3 18. d5 Qxd5+ 19. Bd3 exd3 20. c4 Qe5 21.
Bd2 Qe2+ 22. Kc1 Qxd2+ 23. Kb1 Be5 24. Qb3 Nd4 25. Qxb7 {White resigns} 0-1

[Event "Team 45 45 League T66"]
[Site "Internet Chess Club"]
[Date "2015.09.06"]
[Round "1"]
[White "PsyMar"]
[Black "guyd52"]
[Result "1-0"]
[WhiteElo "1366"]
[BlackElo "1343"]
[Opening "Robatsch defense: Pseudo-Austrian attack"]
[ECO "B07"]
[Time "07:00:12"]
[TimeControl "2700+45"]

1. e4 d6 2. d4 g6 3. Nc3 Bg7 4. f4 Nf6 5. Nf3 e6 6. e5 Nd5 7. Ne4 b6 8. c4 Nb4
9. Qa4+ N4c6 10. d5 Bd7 11. dxc6 Bxc6 12. Qc2 dxe5 13. fxe5 O-O 14. Bg5 Qc8 15.
Be7 Re8 16. Nf6+ Bxf6 17. exf6 Bxf3 18. gxf3 Nc6 19. h4 Nxe7 20. fxe7 Rxe7 21.
h5 h6 22. hxg6 fxg6 23. Qxg6+ Rg7 24. Qxh6 Qb7 25. Qxe6+ Rf7 26. Rg1+ Kf8 27.
Qh6+ Ke7 28. Qe3+ Kf8 29. Be2 c5 30. O-O-O Re8 31. Rg8+ Kxg8 32. Qxe8+ Kg7 33.
Rg1+ Kf6 34. Qh8+ Ke7 35. Qe5+ Kf8 36. Qd6+ Re7 37. Qf6+ Rf7 38. Qd8# {Black
checkmated} 1-0

[Event "Team 45 45 League T66"]
[Site "Internet Chess Club"]
[Date "2015.09.06"]
[Round "1"]
[White "unclevinny"]
[Black "skuhl99"]
[Result "1-0"]
[WhiteElo "1592"]
[BlackElo "1530"]
[Opening "Pirc: classical (two knights) system"]
[ECO "B08"]
[Time "20:00:20"]
[TimeControl "2700+45"]

1. e4 d6 2. d4 Nf6 3. Nc3 g6 4. Nf3 Bg7 5. Bc4 O-O 6. O-O Nxe4 7. Nxe4 d5 8.
Bxd5 Qxd5 9. Nc3 Qa5 10. Re1 e6 11. Bd2 Qb6 12. Na4 Qd6 13. c3 Bd7 14. Nc5 b6
15. Nd3 Bb5 16. Bf4 Qe7 17. Qd2 Rd8 18. Bg5 Bf6 19. Bxf6 Qxf6 20. Qf4 Qxf4 21.
Nxf4 Nc6 22. a4 Ba6 23. b4 Bb7 24. Ne5 Nxe5 25. Rxe5 Rd6 26. h4 a6 27. f3 Bc6
28. a5 b5 29. Kf2 Bd7 30. Nd3 f6 31. Re3 Re8 32. Nc5 Bc8 33. Ne4 Kf7 34. Nxd6+
cxd6 35. Rae1 h5 36. g4 hxg4 37. fxg4 Rh8 38. Rh1 e5 39. dxe5 dxe5 40. Kg3 Bb7
41. Rd1 Ke6 42. Red3 {Black resigns} 1-0

[Event "Team 45 45 League T66"]
[Site "Internet Chess Club"]
[Date "2015.09.02"]
[Round "1"]
[White "GideonL"]
[Black "KidRattler"]
[Result "1-0"]
[WhiteElo "1522"]
[BlackElo "1732"]
[Opening "Benko's opening"]
[ECO "A00"]
[Time "16:58:49"]
[TimeControl "2700+45"]

1. g3 Nf6 2. Bg2 e5 3. e3 c6 4. Ne2 d5 5. O-O Bd6 6. d4 Nbd7 7. c3 b5 8. dxe5
Nxe5 9. Nd2 Bf5 10. Nf3 Nxf3+ 11. Bxf3 Bc5 12. Nd4 Bxd4 13. exd4 O-O 14. Bg5 h6
15. Bxf6 Qxf6 16. Bg2 Rfe8 17. Re1 Re6 18. Rxe6 fxe6 19. Qf3 Rf8 20. Qe3 Kf7 21.
Bf3 g5 22. Bh5+ Kg7 23. Re1 Be4 24. f3 Bxf3 25. Bxf3 Qxf3 26. Qxf3 Rxf3 27. Rxe6
Rf6 28. Re7+ Rf7 29. Re6 Rf6 30. Re7+ Rf7 31. Re6 Rc7 32. Kf2 Rf7+ 33. Ke3 Rf6
34. Re7+ Rf7 35. Re6 Rf1 36. Rxc6 Rb1 37. Rc7+ Kg6 38. Rxa7 Rxb2 39. Ra6+ Kh5
40. Rd6 Rxh2 41. Rxd5 Rxa2 42. Rxb5 Kg4 43. d5 Ra6 44. c4 Kxg3 45. c5 Ra3+ 46.
Ke4 Ra4+ 47. Ke5 Kf3 48. d6 g4 49. Rb8 g3 50. d7 g2 51. d8=Q Re4+ 52. Kd5 g1=Q
53. Rb3+ Ke2 54. Kxe4 Qg4+ 55. Kd5 Qf5+ 56. Kc4 Qc2+ 57. Kb4 Qe4+ 58. Kb5 Qb7+
59. Qb6 Qd5 60. Ka4 Qc4+ 61. Qb4 Qa6+ 62. Qa5 Qc4+ 63. Rb4 Qc2+ 64. Kb5 Qd3+ 65.
Rc4 Qd7+ 66. c6 Qd5+ 67. Rc5 Qd3+ 68. Kb6 Qd8+ 69. c7 Qf6+ 70. Kb7 Qf3+ 71. Kb8
Qb3+ 72. Qb5+ Qxb5+ 73. Rxb5 h5 74. c8=Q h4 75. Qc3 h3 76. Rb2+ Kd1 77. Qc2+ Ke1
78. Qc1# {Black checkmated} 1-0

[Event "Team 45 45 League T66"]
[Site "Internet Chess Club"]
[Date "2015.09.05"]
[Round "1"]
[White "Arawn"]
[Black "fuzzface"]
[Result "0-1"]
[WhiteElo "1363"]
[BlackElo "1364"]
[Opening "Robatsch defense: two knights variation"]
[ECO "B06"]
[Time "11:00:23"]
[TimeControl "2700+45"]

1. e4 g6 2. d4 Bg7 3. Nf3 d6 4. Nc3 Bg4 5. Be2 Qd7 6. Be3 Bxf3 7. Bxf3 e5 8. O-O
Nc6 9. d5 Nd4 10. Bg4 f5 11. exf5 Nxf5 12. Re1 Nf6 13. Bh3 h5 14. f4 Ng4 15.
Bxg4 hxg4 16. Qxg4 Nxe3 17. Qxg6+ Qf7 18. Qxf7+ Kxf7 19. Rxe3 Rae8 20. fxe5 Bxe5
21. g3 Bd4 22. Rf1+ Kg6 {White resigns} 0-1

[Event "Team 45 45 League T66"]
[Site "Internet Chess Club"]
[Date "2015.09.06"]
[Round "1"]
[White "shaunlewis"]
[Black "Just-Jim"]
[Result "0-1"]
[WhiteElo "1233"]
[BlackElo "1356"]
[Opening "QGD Slav: 3.Nf3"]
[ECO "D11"]
[Time "13:00:18"]
[TimeControl "2700+45"]

1. d4 d5 2. c4 c6 3. Nf3 f5 4. Qc2 e6 5. Bg5 Be7 6. Bxe7 Qxe7 7. c5 Nf6 8. e3
O-O 9. Nbd2 Ne4 10. Nxe4 fxe4 11. Ne5 Qf6 12. b4 b5 13. a4 Na6 14. Nxc6 bxa4 15.
Rxa4 Bd7 16. Rxa6 Bxc6 17. Rxc6 Rab8 18. b5 Rb7 19. b6 a5 20. Ba6 Rbf7 21. O-O
e5 22. Rxf6 Rxf6 23. dxe5 Re6 24. Qc3 a4 25. Ra1 Rf5 26. f4 g5 27. Rxa4 gxf4 28.
b7 Re8 29. Qb3 Rff8 30. Qxd5+ Kh8 31. Qxe4 Rd8 32. e6 fxe3 33. Qxe3 Rd1+ 34. Bf1
Rdxf1# {White checkmated} 0-1

[Event "Team 45 45 League T66"]
[Site "Internet Chess Club"]
[Date "2015.09.06"]
[Round "1"]
[White "SeniorCitizen"]
[Black "Electryon"]
[Result "1-0"]
[WhiteElo "1398"]
[BlackElo "1359"]
[Opening "Sicilian: accelerated fianchetto, modern variation"]
[ECO "B34"]
[Time "14:00:29"]
[TimeControl "2700+45"]

1. e4 c5 2. Nf3 Nc6 3. Nc3 g6 4. d4 cxd4 5. Nxd4 Bg7 6. Nb3 Bxc3+ 7. bxc3 Nf6 8.
Nd2 d5 9. exd5 Qxd5 10. Nf3 Qxd1+ 11. Kxd1 Ne4 12. Be3 Nxc3+ 13. Kc1 O-O 14. Kb2
Nd5 15. Bh6 Rd8 16. Bc4 Nf6 17. Ng5 e6 18. h3 Ne5 19. Bb3 Bd7 20. Rad1 Bc6 21.
f3 Bd5 22. Rhe1 Nc4+ 23. Kc1 b5 24. Ne4 Bxe4 25. Rxd8+ Rxd8 26. fxe4 Ne5 27. Bg5
Kg7 28. Rf1 Ned7 29. e5 Rc8 30. Bxf6+ Kg8 31. Rd1 Nc5 32. Rd8+ Rxd8 33. Bxd8 Nb7
34. Be7 a5 35. a4 bxa4 36. Bxa4 h5 37. Kd2 Kh7 38. Bc6 {Black resigns} 1-0

[Event "Team 45 45 League T66"]
[Site "Internet Chess Club"]
[Date "2015.09.07"]
[Round "1"]
[White "Aquaman"]
[Black "olivermx"]
[Result "1/2-1/2"]
[WhiteElo "1309"]
[BlackElo "1324"]
[Opening "Réti opening"]
[ECO "A05"]
[Time "15:31:04"]
[TimeControl "2700+45"]

1. Nf3 Nf6 2. g3 d5 3. Bg2 Nc6 4. O-O Bf5 5. h3 e5 6. d3 h6 7. Nbd2 Bc5 8. a3
Qd7 9. Kh2 O-O-O 10. b4 Bd4 11. Nxd4 Nxd4 12. Bb2 Qd6 13. c3 Ne6 14. c4 dxc4 15.
Nxc4 Qe7 16. Na5 e4 17. Qc1 Rhg8 18. Bxf6 gxf6 19. dxe4 Bg6 20. e5 Qd7 21. Bxb7+
Kb8 22. Ba6 Nd4 23. e3 Nf3+ 24. Kg2 Qd5 25. Qc6 Be4 26. Qxd5 Bxd5 27. Rfc1 Nxe5+
28. Kf1 Rd6 29. Be2 Nf3 30. Bxf3 Bxf3 31. Nc6+ Bxc6 32. a4 Bf3 33. b5 Rd2 34. b6
cxb6 35. Rc4 Rc8 36. Rf4 Bd5 37. Rxf6 Rcc2 38. h4 Ra2 39. Rc1 Rxa4 40. Re1 a5
41. Rxb6+ Kc7 42. Rf6 Rb4 43. Rxh6 Rbb2 44. Rf6 a4 45. Ra1 Ra2 46. Rc1+ Rdc2 47.
Rd1 Rd2 48. Rc1+ Rdc2 49. Rd1 {Game drawn by mutual agreement} 1/2-1/2

[Event "Team 45 45 League T66"]
[Site "Internet Chess Club"]
[Date "2015.09.06"]
[Round "1"]
[White "Brazuka"]
[Black "artspir"]
[Result "1-0"]
[WhiteElo "1111"]
[BlackElo "1248"]
[Opening "Caro-Kann: Tartakower (fantasy) variation"]
[ECO "B12"]
[Time "15:04:28"]
[TimeControl "2700+45"]

1. e4 c6 2. d4 d5 3. f3 dxe4 4. fxe4 Nf6 5. Nc3 Be6 6. Nf3 Nbd7 7. h3 Nb6 8. b3
g6 9. g4 Bg7 10. Rg1 O-O 11. Ng5 Bd7 12. Be3 h6 13. Nf3 e6 14. g5 hxg5 15. Bxg5
Qe7 16. Qd2 Qe8 17. Bh6 Nh5 18. Be2 Qb8 19. e5 f5 20. Bxg7 Kxg7 21. Nh4 Be8 22.
Bxh5 Rh8 23. Bxg6 Rxh4 24. Bxf5+ Kf7 25. Bg6+ Ke7 26. Qg5+ Kd7 27. Qxh4 Bxg6 28.
Rxg6 Kc7 29. Qe7+ Nd7 30. Qd6+ Kb6 31. Na4+ Ka6 32. Nc5+ Nxc5 33. Qxc5 Qh8 34.
Qc4+ Kb6 35. Qc5+ Ka6 36. O-O-O Qh5 37. b4 b6 38. Qc4+ {Black resigns} 1-0

[Event "Team 45 45 League T66"]
[Site "Internet Chess Club"]
[Date "2015.09.06"]
[Round "1"]
[White "RobertBuice"]
[Black "oldbookseller"]
[Result "0-1"]
[WhiteElo "1164"]
[BlackElo "1111"]
[Opening "QGD"]
[ECO "D30"]
[Time "18:00:14"]
[TimeControl "2700+45"]

1. d4 d5 2. c4 e6 3. Nf3 Nf6 4. Bg5 Be7 5. Nc3 c6 6. e3 Nbd7 7. cxd5 cxd5 8. Bb5
O-O 9. O-O Bd6 10. Bxf6 Qxf6 11. e4 Qf4 12. exd5 Nf6 13. h3 exd5 14. Qd2 Bxh3
15. Qxf4 Bxf4 16. gxh3 h6 17. Rae1 g5 18. Kh1 Kg7 19. Rg1 Rh8 20. Nh4 Rac8 21.
Nf5+ Kg6 22. Ne7+ Kh5 23. Nxc8 Rxc8 24. Ne2 Ne4 25. Nxf4+ gxf4 26. Be2+ Kh4 27.
Rg4+ Kxh3 28. Reg1 Nxf2# {White checkmated} 0-1

[Event "Team 45 45 League T66"]
[Site "Internet Chess Club"]
[Date "2015.09.02"]
[Round "1"]
[White "dabodhi"]
[Black "GideonL"]
[Result "0-1"]
[WhiteElo "1357"]
[BlackElo "1531"]
[Opening "French: Winawer (Nimzovich) variation"]
[ECO "C15"]
[Time "20:02:08"]
[TimeControl "2700+45"]

1. e4 e6 2. d4 d5 3. Nc3 Bb4 4. Bd3 Ne7 5. Qg4 Bxc3+ 6. bxc3 dxe4 7. Bxe4 Ng6 8.
Ba3 f5 9. Bxf5 exf5 10. Qe2+ Kf7 11. Qh5 Re8+ 12. Ne2 Qh4 13. Qf3 Qe4 14. Qxe4
Rxe4 15. g3 f4 16. Kd2 f3 17. Nc1 b6 18. Nd3 Re2+ 19. Kd1 Bf5 20. Re1 Bxd3 21.
cxd3 Rxe1+ 22. Kxe1 Nd7 23. Kd2 Re8 24. Rb1 Re2+ 25. Kd1 Rxf2 26. Rb2 Rf1+ 27.
Kc2 f2 28. Kb3 Nf6 29. h3 Nd5 30. Re2 Ne3 31. Ka4 Nd1 32. Rc2 Re1 {White
resigns} 0-1

[Event "Team 45 45 League T66"]
[Site "Internet Chess Club"]
[Date "2015.09.05"]
[Round "1"]
[White "guyd52"]
[Black "jjaillet2007"]
[Result "1-0"]
[WhiteElo "1359"]
[BlackElo "1278"]
[Opening "Réti opening"]
[ECO "A04"]
[Time "07:45:28"]
[TimeControl "2700+45"]

1. Nf3 e6 2. g3 d5 3. Bg2 c5 4. d3 Nc6 5. Bf4 Bd6 6. Qd2 Nf6 7. O-O O-O 8. Na3
a6 9. c3 c4 10. dxc4 Bxa3 11. cxd5 Bxb2 12. Qxb2 Nxd5 13. Rfd1 Qf6 14. Bd6 Rd8
15. Qa3 Nxc3 16. Be7 Rxd1+ 17. Rxd1 Nxe2+ 18. Kf1 Qc3 19. Kxe2 Qxa3 20. Bxa3 f6
21. Nd4 Bd7 22. Nxc6 Bxc6 23. Bxc6 bxc6 24. Rd6 Rc8 25. Rxe6 Kf7 26. Re7+ Kg6
27. Ra7 c5 28. Rxa6 c4 29. Ra5 c3 30. Rc5 Re8+ 31. Kf1 Rb8 32. Bc1 Rb1 33. Rxc3
Kf5 34. Kg2 g5 35. Be3 h5 36. a4 Ra1 37. Rc4 Ke5 38. Bb6 Kd5 39. Rd4+ Ke5 40.
Rb4 Ke6 41. a5 f5 42. Rc4 Kd5 43. Rc8 f4 44. Rg8 fxg3 45. hxg3 Ra4 46. Rxg5+ Ke6
47. Rxh5 Kf6 48. f4 Kg6 49. Rh8 Ra2+ 50. Kh3 Kf5 51. Ra8 Ra1 52. Rf8+ Kg6 53.
Kg4 Ra4 54. Ra8 Kf6 55. a6 Rb4 56. a7 {Black resigns} 1-0

[Event "Team 45 45 League T66"]
[Site "Internet Chess Club"]
[Date "2015.09.06"]
[Round "1"]
[White "bhandelman"]
[Black "Conjurer"]
[Result "1-0"]
[WhiteElo "1191"]
[BlackElo "1248"]
[Opening "English: symmetrical, main line with d3"]
[ECO "A36"]
[Time "23:00:40"]
[TimeControl "2700+45"]

1. c4 c5 2. g3 g6 3. Bg2 Bg7 4. Nc3 Nc6 5. d3 Nf6 6. Nf3 O-O 7. O-O d6 8. e4 e5
9. Be3 Be6 10. Ng5 Bd7 11. Nb5 Qe7 12. f4 Ng4 13. Bd2 Nd4 14. Nc7 Rac8 15. Nd5
Qd8 16. h4 h6 17. Nf3 Nf6 18. f5 Nxd5 19. cxd5 gxf5 20. Nxd4 cxd4 21. exf5 Bxf5
22. Rxf5 Qb6 23. b3 Rfe8 24. Qg4 Qb5 25. Bxh6 Kf8 26. Qxg7+ Ke7 27. Qxf7+ Kd8
28. Bg5+ {Black resigns} 1-0

[Event "Team 45 45 League T66"]
[Site "Internet Chess Club"]
[Date "2015.09.08"]
[Round "1"]
[White "WzeroMN"]
[Black "wildangels"]
[Result "0-1"]
[WhiteElo "1129"]
[BlackElo "1078"]
[Opening "Sicilian: Labourdonnais-Löwenthal variation"]
[ECO "B32"]
[Time "11:00:22"]
[TimeControl "2700+45"]

1. e4 c5 2. Nf3 Nc6 3. d4 cxd4 4. Nxd4 e5 5. Nxc6 bxc6 6. c4 Nf6 7. Nc3 g6 8.
Bg5 Bg7 9. Qd2 Qb6 10. Bh6 Bxh6 11. Qxh6 Qxb2 12. Qc1 Qxc1+ 13. Rxc1 Bb7 14. Be2
Rd8 15. O-O d5 16. cxd5 cxd5 17. exd5 Bxd5 18. Rfd1 Bc6 19. Rxd8+ Kxd8 20. Rd1+
Ke7 21. Bb5 Rc8 22. Bxc6 Rxc6 23. Rc1 Ke6 24. Ne2 Rxc1+ 25. Nxc1 a5 26. a4 Nd5
27. Nb3 Nc3 28. Nxa5 Nxa4 29. Kf1 Kd5 30. Ke2 e4 31. Nb3 Nc3+ 32. Kd2 Nb1+ 33.
Kc1 Kc4 34. Nd2+ Kd3 35. Nxe4 Kxe4 36. Kxb1 f5 37. Kc2 h5 38. Kd2 f4 39. Ke2 g5
40. f3+ Kf5 41. g3 fxg3 42. hxg3 h4 43. g4+ Kf4 44. Kf2 h3 45. Kg1 Kxf3 46. Kh2
Kxg4 47. Kh1 Kf3 48. Kg1 g4 49. Kh1 g3 50. Kg1 h2+ 51. Kh1 g2+ 52. Kxh2 Kf2 53.
Kh3 g1=Q 54. Kh4 Kf3 55. Kh5 Kf4 56. Kh6 Kf5 57. Kh7 Kf6 {White resigns} 0-1

[Event "Team 45 45 League T66"]
[Site "Internet Chess Club"]
[Date "2015.09.06"]
[Round "1"]
[White "mongmong"]
[Black "Uku"]
[Result "1-0"]
[WhiteElo "1602"]
[BlackElo "1352"]
[Opening "Queen's pawn game, Chigorin variation"]
[ECO "D02"]
[Time "10:00:53"]
[TimeControl "2700+45"]

1. d4 d5 2. Nf3 Nc6 3. e3 Bf5 4. c3 Nf6 5. Nbd2 e6 6. Bb5 a6 7. Bxc6+ bxc6 8.
Qa4 Qd7 9. Ne5 Qd6 10. Qxc6+ Qxc6 11. Nxc6 Bd6 12. Nf3 O-O 13. O-O h6 14. b4 Bd3
15. Re1 Bb5 16. Nce5 Bxe5 17. Nxe5 Nd7 18. Nf3 f6 19. Bb2 e5 20. Rec1 e4 21. Nd2
Bd3 22. c4 dxc4 23. Nxc4 Rab8 24. a3 Rb5 25. Na5 Rc8 26. Nc6 Rd8 27. Nxd8 Rd5
28. Nb7 Rb5 29. Nc5 Nxc5 30. Rxc5 Rxc5 31. dxc5 Kf7 32. f3 f5 33. fxe4 fxe4 34.
Kf2 g5 35. Ke1 Ke6 36. g3 h5 37. Kd2 Kd5 38. Kc3 Kc6 39. Rd1 Kb5 40. Rxd3 exd3
41. Kxd3 a5 42. Kc3 axb4+ 43. axb4 Kc6 44. Kc4 g4 45. Be5 Kd7 46. b5 Kc8 47. Kd5
Kd7 48. c6+ Kc8 49. Ke6 Kd8 50. Bxc7+ Kxc7 51. Kf5 Kb6 52. Kg5 Kxb5 53. c7 Kc4
54. c8=Q+ Kd3 55. Qe6 Ke2 56. Kxh5 Kf3 57. Qf5+ Kg2 58. Kxg4 Kxh2 59. e4 Kg2 60.
e5 Kg1 61. e6 Kg2 62. e7 Kg1 63. e8=Q Kg2 64. Qe2+ Kg1 65. Qff1# {Black
checkmated} 1-0

[Event "Team 45 45 League T66"]
[Site "Internet Chess Club"]
[Date "2015.09.07"]
[Round "1"]
[White "Striker3000"]
[Black "stantheman59"]
[Result "1-0"]
[WhiteElo "1421"]
[BlackElo "1239"]
[Opening "Owen defense"]
[ECO "B00"]
[Time "18:35:12"]
[TimeControl "2700+45"]

1. e4 b6 2. d4 Bb7 3. Nc3 e6 4. a3 d5 5. exd5 exd5 6. Nf3 Nc6 7. Bb5 Bd6 8. O-O
Ne7 9. Re1 O-O 10. Qd3 a6 11. Ba4 b5 12. Bb3 Bc8 13. h3 Na5 14. Nxd5 Bf5 15.
Nxe7+ Bxe7 16. Qxf5 Nxb3 17. cxb3 Rb8 18. Ne5 g6 19. Qg4 f5 20. Qd1 Rb6 21. Bh6
Re8 22. b4 Rd6 23. Qb3+ Rd5 24. Qg3 Bh4 25. Qb3 Re6 26. Nf3 Rxe1+ 27. Rxe1 Bf6
28. Re6 Kf7 29. Rxf6+ Kxf6 30. Bg5+ {Black resigns} 1-0

[Event "Team 45 45 League T66"]
[Site "Internet Chess Club"]
[Date "2015.09.04"]
[Round "1"]
[White "Jiawen5"]
[Black "Fogbound"]
[Result "0-1"]
[WhiteElo "1121"]
[BlackElo "1277"]
[Opening "Two knights defense"]
[ECO "C57"]
[Time "14:00:32"]
[TimeControl "2700+45"]

1. e4 e5 2. Nf3 Nc6 3. Bc4 Nf6 4. Ng5 d5 5. exd5 Nxd5 6. Qf3 Qxg5 7. Bxd5 Qf6 8.
Nc3 Nd4 9. Qe4 Bf5 10. Bxf7+ Qxf7 11. Qxe5+ Qe6 12. Qxe6+ Bxe6 13. Kd1 O-O-O 14.
d3 Bg4+ 15. f3 Nxf3 16. Rf1 Nxh2+ 17. Rf3 Nxf3 18. gxf3 Bxf3+ 19. Ke1 Re8+ 20.
Kf2 Bh5 21. Bf4 Bc5+ 22. Kg3 g5 23. Bxg5 Rhg8 24. Kh4 Bf3 25. Rf1 Rgf8 26. Na4
Be7 27. Bxe7 Rxe7 28. Nc5 Re5 29. Ne4 Rh5+ 30. Kg3 Rg8+ 31. Kf2 Bxe4 32. dxe4
Rf8+ 33. Kg2 Rg5+ {White resigns} 0-1

[Event "Team 45 45 League T66"]
[Site "Internet Chess Club"]
[Date "2015.09.05"]
[Round "1"]
[White "kidviper"]
[Black "primerpaso"]
[Result "1/2-1/2"]
[WhiteElo "1954"]
[BlackElo "1858"]
[Opening "QGD"]
[ECO "D02"]
[Time "21:07:25"]
[TimeControl "2700+45"]

1. d4 Nf6 2. Nf3 d5 3. c4 e6 4. Bg5 Be7 5. Nc3 O-O 6. Bxf6 Bxf6 7. e3 c5 8. cxd5
exd5 9. Be2 Qa5 10. O-O Be6 11. Rc1 Nc6 12. dxc5 Qxc5 13. Ne4 Qe7 14. Nxf6+ Qxf6
15. Qd2 Rfd8 16. Rfd1 d4 17. Nxd4 Bxa2 18. Qc3 Nxd4 19. Rxd4 Rxd4 20. Qxd4 Qxd4
21. exd4 Be6 22. Bf3 Rc8 23. Rxc8+ Bxc8 24. Kf1 Kf8 25. Ke2 Ke7 {Game drawn by
mutual agreement} 1/2-1/2